 Dungeon Crawl Stone Soup version 0.19.1 (webtiles) character file.

25 Host24 the Sneak (level 3, 0/24 HPs)
             Began as a Kobold Assassin on Dec 24, 2016.
             Slain by Ijyb
             ... wielding a +0 dagger
              (3 damage)
             ... on level 2 of the Dungeon.
             The game lasted 00:02:50 (1212 turns).

Host24 the Sneak (Kobold Assassin)                  Turns: 1212, Time: 00:02:51

Health: 0/24       AC:  4    Str:  6 (8)  XL:     3   Next: 17%
Magic:  3/3        EV: 14    Int:  9 (12) God:
Gold:   66         SH:  0    Dex: 14 (17) Spells: 0 memorised, 2 levels left

rFire  . . .     SeeInvis .     a - +2 dagger
rCold  . . .     Gourm    .     c - +0 robe
rNeg   . . .     Faith    .     (shield restricted)
rPois  .         Spirit   .     (no helmet)
rElec  .         Reflect  .     d - +0 cloak
rCorr  .         Harm     .     (no gloves)
MR     .....                    x - +0 pair of boots (curse)
Stlth  +++.......               (no amulet)
                                (no ring)
                                (no ring)

@: no status effects
A: carnivore 3
a: no special abilities


You were on level 2 of the Dungeon.
You were full.

You visited 1 branch of the dungeon, and saw 2 of its levels.

You collected 66 gold pieces.

Inventory:

Hand Weapons
 a - a +2 dagger (weapon)
 b - a +0 blowgun
Missiles
 e - 8 poisoned needles
 f - 2 curare-tipped needles
 m - 18 arrows
 n - 40 stones (quivered)
Armour
 c - a +0 robe (worn)
 d - a +0 cloak (worn)
 x - a cursed +0 pair of boots (worn)
Jewellery
 o - an uncursed ring of resist corrosion {unknown}
 p - a cursed ring of loudness {unknown}
Scrolls
 i - a scroll of noise
 j - 5 scrolls of identify {unknown}
 k - 2 scrolls of enchant armour {unknown}
 r - a scroll of fog {unknown}
 t - a scroll of remove curse {unknown}
 w - a scroll of enchant weapon {unknown}
Potions
 s - a potion of might
Comestibles
 g - 2 meat rations


   Skills:
 + Level 3.7 Fighting
 - Level 2.6 Short Blades
 - Level 2.1 Throwing
 - Level 1.2 Dodging
 - Level 5.3 Stealth


You had 2 spell levels left.
You didn't know any spells.

Dungeon Overview and Level Annotations

Branches:
Dungeon (2/15)

Altars:
Okawaru

Annotations:
D:2 Ijyb, Sigmund


Innate Abilities, Weirdness & Mutations

You are small and have problems with some larger weapons.
You are carnivorous and can eat meat at any time.


Message History

Ijyb misses you. The dart slug barely misses you.
You hit Ijyb but do no damage.
Ijyb is moderately wounded.
Ijyb closely misses you.
You hit Ijyb but do no damage.
Ijyb is moderately wounded.
The dart slug barely misses you. Ijyb misses you.
You hit Ijyb.
Ijyb is moderately wounded.
Ijyb closely misses you. The dart slug closely misses you.
You barely miss Ijyb.
Ijyb is moderately wounded.
Ijyb hits you with a dagger.
* * * LOW HITPOINT WARNING * * *
You hit Ijyb but do no damage.
Ijyb is moderately wounded.
The dart slug closely misses you. Ijyb screams, "I dance on your bones!"
Ijyb hits you with a dagger.
You die...

#.### ....#
###########.#.#
#....##...#.#.#
#....##.#.#.#.#
+.....#.#.#.#.#
.########.....#.#.....#
<.....w....##.#.###.#.#
....[.g@............#.#
.##......#..........#.##
.........+.>............
.##......###.#.####...##
.................#.....
..............<..##...##
.............######...##
#######......#..........
....................


You could see Ijyb and a dart slug.

Vanquished Creatures
  An ooze (D:1)
  A worm (D:2)
  3 bats
  2 giant cockroaches (D:1)
  3 hobgoblins
  A quokka (D:2)
  2 frilled lizards (D:1)
  4 goblins (D:1)
  A rat (D:1)
18 creatures vanquished.

Notes
Turn   | Place    | Note
-------+----------+-------------------------------------------
     0 | D:1      | Host24 the Kobold Assassin began the quest for the Orb.
     0 | D:1      | Reached XP level 1. HP: 12/12 MP: 1/1
   273 | D:1      | Reached XP level 2. HP: 17/19 MP: 2/2
   891 | D:2      | Found a faded altar of an unknown god.
   891 | D:2      | Found a faded altar of an unknown god.
   896 | D:2      | Found a faded altar of an unknown god.
   898 | D:2      | Found an iron altar of Okawaru.
   899 | D:2      | Found a faded altar of an unknown god.
   934 | D:2      | Reached XP level 3. HP: 23/23 MP: 3/3
  1018 | D:2      | Noticed Sigmund
  1153 | D:2      | Noticed Ijyb
  1212 | D:2      | Slain by Ijyb

Skill      XL: |  1 |
---------------+----+-----
Fighting       | 3 |  3.7
Short Blades   | |  2.6
Throwing       | |  2.1
Dodging        | |  1.2
Stealth        | |  5.3

Action                   || total
-------------------------++-------
Melee: Dagger            ||   107
  Use: Potion            ||     6
       Scroll            ||     1
 Stab: Sleeping          ||     7
  Eat: Chunk             ||     5
Armor: Robe              ||    13
Dodge: Dodged            ||    70
